 Dungeon Crawl Stone Soup version 0.20.1-1-g8b1a95d (webtiles) character file.

163075 dtsj89 the Cleaver (level 16, -11/127 HPs)
             Began as a Demonspawn Fighter on Sept 17, 2017.
             Was the Champion of Okawaru.
             Mangled by an entropy weaver (16 damage)
             ... on level 1 of the Spider Nest.
             The game lasted 01:55:49 (32115 turns).

dtsj89 the Cleaver (Demonspawn Fighter)            Turns: 32115, Time: 01:55:50

Health: -11/127    AC:  3    Str: 20    XL:     16   Next: 98%
Magic:  0/22       EV:  6    Int: 10    God:    Okawaru [******]
Gold:   987        SH: 11    Dex: 14    Spells: 15/15 levels left

rFire    + + +     SeeInvis +   Q - +9 lance "Wyrmbane" {slay drac, rPois rF+ rC+ AC+3}
rCold    + + .     Gourm    .   a - +0 shield
rNeg     + . .     Faith    .   X - +0 crystal plate armour
rPois    +         Spirit   +   c - +1 hat of Egalitarianism {rN+}
rElec    .         Reflect  .   v - scarf {rC+ rF+}
rCorr    .         Harm     .   g - +1 pair of gloves
MR       ++...                  H - +0 pair of boots
Stlth    ..........             o - amulet of regeneration
Regen    0.8/turn               T - ring of Robustness {AC+8}
MPRegen  0.4/turn               W - ring of protection from magic

@: corroded
A: hooves 2, slimy green scales 1, see invisible, fire resistance 1, powered by
pain 2, screaming 1, weak 1, magic shield, magic regeneration
}: 1/15 runes: decaying
a: Heroism, Finesse, Renounce Religion


You were on level 1 of the Spider Nest.
You worshipped Okawaru.
Okawaru was exalted by your worship.
You were not hungry.

You visited 6 branches of the dungeon, and saw 29 of its levels.
You also visited: Labyrinth, Ossuary and Ice Cave.

You collected 2559 gold pieces.
You spent 1572 gold pieces at shops.

Inventory:

Hand Weapons
 Q - the +9 lance "Wyrmbane" (weapon) {slay drac, rPois rF+ rC+ AC+3}
   (You bought it in a shop on level 1 of the Orcish Mines)

   It affects your AC (+3).
   It protects you from fire.
   It protects you from cold.
   It protects you from poison.
Armour
 a - a +0 shield (worn)
 c - the +1 hat of Egalitarianism (worn) {rN+}
   (You found it in an ice cave)

   It protects you from negative energy.
 g - a +1 pair of gloves (worn)
 v - a scarf of resistance (worn)
 H - a +0 pair of boots (worn)
 X - a +0 crystal plate armour (worn)
Jewellery
 o - an amulet of regeneration (around neck)
 p - a +6 amulet of reflection {unknown}
 q - an uncursed ring of poison resistance
 B - an uncursed ring of flight
 T - the ring of Robustness (left hand) {AC+8}
   (You found it in a labyrinth)

   [ring of protection]

   It affects your AC (+8).
 W - a ring of protection from magic (right hand)
Wands
 j - a wand of polymorph (12/24)
 n - a wand of acid (15/15)
 G - a wand of lightning (6/15)
 S - a wand of disintegration (12/24)
 Z - a wand of digging (16/24)
Scrolls
 d - 2 scrolls of identify
 h - 8 scrolls of teleportation
 k - 3 scrolls of fog
 r - 19 scrolls of remove curse
 x - a scroll of blinking
 y - a scroll of enchant armour
 C - 6 scrolls of fear
Potions
 e - a potion of invisibility
 l - 7 potions of haste
 t - 3 potions of brilliance
 u - 11 potions of curing
 w - 3 potions of mutation
 D - 5 potions of might
 F - a potion of cancellation {unknown}
 I - 6 potions of resistance
 K - 3 potions of flight
 L - a potion of magic
 N - a potion of ambrosia
 O - 3 potions of agility
 R - a potion of berserk rage
Books
 A - a book of Geomancy

   Spells                             Type                      Level
   a - Sandblast                      Earth                        1
   b - Passwall                       Transmutation/Earth          2
   c - Stone Arrow                    Conjuration/Earth            3
   d - Petrify                        Transmutation/Earth          4
   e - Lee's Rapid Deconstruction     Earth                        5
Miscellaneous
 z - a lamp of fire
 E - a fan of gales
Comestibles
 b - 20 royal jellies
 f - 8 bread rations
 m - 8 meat rations
 s - 34 fruits


   Skills:
 + Level 12.1 Fighting
   Level 12.9(14.1) Axes
 + Level 10.1(12.8) Polearms
   Level 12.6 Bows
 + Level 11.5 Armour
 - Level 9.2 Dodging
 + Level 8.3 Shields
 - Level 8.0 Invocations


You had 15 spell levels left.
You didn't know any spells.

Dungeon Overview and Level Annotations

Branches:
Dungeon (15/15)            Temple (1/1) D:6            Lair (6/6) D:11
  Swamp (4/4) Lair:2       Spider (1/4) Lair:2        Slime (0/5) Lair:6
    Orc (2/2) D:11            Elf (0/3) Orc:2        Vaults (0/5) D:14
 Depths (0/5) D:15

Altars:
Ashenzari
Elyvilon
Fedhas
Gozag
Hepliaklqana
Makhleb
Nemelex Xobeh
Okawaru
Qazlal
Sif Muna
Trog
Uskayaw
Vehumet
Xom
Yredelemnul
Zin
The Shining One

Shops:
D:6 :   D:9 [(   D:12 !   Orc:1 (   Orc:2 *(}[


Innate Abilities, Weirdness & Mutations

You have hoof-like feet.
You are partially covered in slimy green scales. (AC +2)
You sometimes gain power by taking damage.
When hurt, damage is shared between your health and your magic reserves.
You regenerate magic rapidly.
You have supernaturally acute eyesight. (SInv)
Your flesh is heat resistant. (rF+)
You occasionally shout uncontrollably at your foes.
You are weak. (Str -2)


Message History

* * * LOW HITPOINT WARNING * * *
The tarantella bites you but does no damage.
The demonic crawler barely misses you.
The demonic crawler hits you but does no damage.
The demonic crawler closely misses you. The entropy weaver hits you!
* * * LOW HITPOINT WARNING * * *
The entropy weaver hits you.
* * * LOW HITPOINT WARNING * * *
The entropy weaver hits you.
* * * LOW HITPOINT WARNING * * *
The entropy weaver barely misses you.
Unknown command.
You feel better. The tarantella bites you.
* * * LOW HITPOINT WARNING * * *
The demonic crawler hits you!
* * * LOW HITPOINT WARNING * * *
The demonic crawler hits you!
* * * LOW HITPOINT WARNING * * *
You block the demonic crawler's attack. The entropy weaver hits you!
You die...

#....##........#....
#...^.#........#....
#.....#....)..^#....
##...##.......##....
##..#####...>##.....
#...###......#
#.>###.†.†..##
#.sa#...#..##
#.s@#..##..#
#..##..#...#
#.....##...#
#....####..#
#..###..#..##
####....#...#
#.......##.>##
#........##..#
#.......##...##


You could see an entropy weaver, a demonic crawler and a tarantella.

Vanquished Creatures
  Kirke (D:12)
  2 thorn hunters (Swamp:3)
  An orc warlord (Orc:1)
  An entropy weaver (shapeshifter) (D:14)
  The ghost of Tutankhamun the Stickfighter, a journeyman DsGl of Okawaru (Lair:5)
  An ettin (D:14)
  A minotaur (Lab)
  4 ogre magi (Orc:2)
  The ghost of Tinttamiau the Basher, a journeyman MiFi of Okawaru (IceCv)
  A fire dragon (Lair:6)
  23 hydras
  Fannar (D:10)
  A ghost crab (Swamp:4)
  The ghost of Tutankhamun the Fencer, a journeyman DsBe of Trog (Lair:1)
  A catoblepas (Lair:5)
  6 alligators
  15 two-headed ogres
  A centaur warrior (D:13)
  Urug (D:12)
  3 death yaks (Lair:6)
  A tengu warrior (D:14)
  5 unseen horrors
  4 spriggan druids
  13 swamp dragons
  An unseen horror (shapeshifter) (D:15)
  A deep troll (D:14)
  A death drake (shapeshifter) (D:14)
  A deep elf archer (D:15)
  A lindwurm (Lair:6)
  A wolf spider zombie (D:15)
  An orc knight (D:15)
  3 cyclopes
  2 deep elf magi
  3 orc sorcerers
  2 wolf spiders (Spider:1)
  2 manticores
  3 centaur zombies
  15 ugly things
  8 black mambas
  A torpor snail (Lair:2)
  2 ice statues (IceCv)
  3 molten gargoyles (Lair:6)
  23 spiny frogs
  A gargoyle (D:10)
  Joseph (D:9)
  8 rime drakes
  10 ice devils (IceCv)
  10 komodo dragons
  An efreet (D:14)
  A tengu conjurer (D:14)
  3 tyrant leeches
  2 trolls
  3 jumping spiders (Lair:2)
  2 queen bees
  11 hornets
  19 blink frogs
  9 slime creatures
  7 bog bodies
  14 dream sheep
  A centaur simulacrum (D:14)
  14 hippogriffs
  2 shadows (D:14)
  A wraith (D:11)
  14 redbacks
  2 tarantellas (Spider:1)
  A vampire (D:13)
  11 spriggans
  32 yaks
  6 basilisks
  2 hogs (D:12)
  4 wyverns
  4 hungry ghosts
  4 steam dragons
  29 vampire mosquitoes
  3 wargs
  19 swamp worms
  8 insubstantial wisps
  6 hell hounds
  13 water moccasins
  A meliai simulacrum (D:15)
  7 porcupines
  An ice beast (D:8)
  31 orc warriors
  4 sky beasts
  16 swamp drakes
  7 phantoms
  2 eyes of draining (shapeshifter) (D:14)
  2 necrophages
  11 centaurs
  34 ogres
  2 eyes of draining (D:13)
  15 wolves
  8 crocodiles
  A wyvern zombie (D:9)
  20 bullfrogs
  47 killer bees
  5 scorpions
  2 troll zombies (D:11)
  4 howler monkeys (D:8)
  7 crimson imps
  A bullfrog zombie (D:11)
  A quasit (D:8)
  8 hounds
  4 lava snakes (Lair:6)
  A human zombie (Ossuary)
  2 jellies
  20 orc priests
  3 bullfrog skeletons
  4 iguanas
  22 orc wizards
  12 worker ants
  A killer bee zombie (D:10)
  6 ogre zombies (D:11)
  2 big kobold zombies (Ossuary)
  A hound zombie (D:10)
  4 mummies (Ossuary)
  2 worker ant zombies
  8 gnolls
  2 howler monkey skeletons
  15 adders
  4 shadow imps
  4 white imps (IceCv)
  9 ufetubi (IceCv)
  An ooze (D:1)
  2 worms
  3 leopard geckos
  94 orcs
  7 giant cockroaches
  8 goblins
  8 hobgoblins
  7 jackals
  3 kobolds
  5 quokkas
  A ball python (D:1)
  5 bats
  8 frilled lizards
  5 goblin skeletons (D:11)
  4 goblin zombies
  2 hobgoblin skeletons (D:11)
  4 hobgoblin zombies
  A jackal zombie (D:6)
  A kobold zombie (Ossuary)
  2 leopard gecko skeletons
  A leopard gecko zombie (D:5)
  An orc skeleton (D:11)
  13 orc zombies (D:11)
  9 rats
  A butterfly (Lair:1)
  A fungus (Lair:4)
  A plant (Lair:5)
1003 creatures vanquished.

Vanquished Creatures (collateral kills)
  A swamp worm (Swamp:1)
1 creature vanquished.

Vanquished Creatures (others)
  An alligator (Swamp:2)
  2 death yaks (Lair:6)
  A swamp dragon (Swamp:1)
  A wizard (D:8)
  2 hornets (Swamp:4)
  A hippogriff (Lair:4)
  2 spriggans (Swamp:4)
  A swamp worm (Swamp:4)
  A bullfrog (D:12)
  An orc wizard (Orc:2)
  2 white imps (IceCv)
  4 ufetubi (IceCv)
  An orc (Orc:1)
  6 fungi
  5 plants
31 creatures vanquished.

Grand Total: 1035 creatures vanquished

Notes
Turn   | Place    | Note
-------+----------+-------------------------------------------
     0 | D:1      | dtsj89 the Demonspawn Fighter began the quest for the Orb.
     0 | D:1      | Reached XP level 1. HP: 18/18 MP: 1/1
   164 | D:1      | Gained mutation: You sometimes gain a little power by taking damage. [demonic ancestry]
   164 | D:1      | Reached XP level 2. HP: 20/24 MP: 2/2
   563 | D:1      | Reached XP level 3. HP: 28/29 MP: 3/3
  1205 | D:2      | Gained mutation: You have large cloven feet. [demonic ancestry]
  1205 | D:2      | Reached XP level 4. HP: 34/35 MP: 4/4
  1740 | D:3      | Reached XP level 5. HP: 41/41 MP: 5/5
  2315 | D:4      | Got an ancient scale mail
  2326 | D:4      | Identified the +0 scale mail "Plog" {Int+3} (You found it on level 4 of the Dungeon)
  2349 | D:4      | Reached skill level 5 in Axes
  2373 | D:4      | Noticed an ogre
  2378 | D:4      | Killed an ogre
  2493 | D:4      | Reached XP level 6. HP: 46/47 MP: 6/6
  3491 | D:5      | Entered Level 5 of the Dungeon
  3637 | D:5      | Noticed a hungry ghost
  3952 | D:5      | Killed a hungry ghost
  3952 | D:5      | Reached XP level 7. HP: 51/52 MP: 7/7
  4626 | D:6      | Reached XP level 8. HP: 50/58 MP: 8/8
  4658 | D:6      | Found a staircase to the Ecumenical Temple.
  4666 | D:6      | Found Nopp's Book Emporium.
  4738 | D:6      | Reached skill level 1 in Bows
  4888 | D:6      | Reached skill level 1 in Dodging
  5122 | D:6      | Found a sand-covered staircase.
  5136 | Ossuary  | Entered an ossuary
  5470 | D:6      | Found a blossoming altar of Fedhas.
  5558 | Temple   | Entered the Ecumenical Temple
  5585 | Temple   | Became a worshipper of Warmaster Okawaru
  6654 | D:7      | Found a deep blue altar of Sif Muna.
  7130 | D:7      | Reached XP level 9. HP: 60/65 MP: 9/9
  7349 | D:7      | Reached * piety under Okawaru
  7399 | D:8      | Found a bloodstained altar of Trog.
  7524 | D:8      | Reached skill level 1 in Invocations
  8160 | D:8      | Reached skill level 5 in Fighting
  8319 | D:8      | Noticed a wizard
  8322 | D:8      | Killed a wizard
  8409 | D:8      | Reached skill level 10 in Axes
  8420 | D:8      | Reached ** piety under Okawaru
  8744 | D:9      | Reached skill level 5 in Armour
  8759 | D:9      | Noticed Joseph
  8764 | D:9      | Paralysed by Joseph for 7 turns
  8773 | D:9      | Paralysed by Joseph for 5 turns
  8783 | D:9      | Killed Joseph
  8786 | D:9      | Reached XP level 10. HP: 56/74 MP: 12/12
  8924 | D:9      | Found Evyt Nag's Antique Weapon Shoppe.
  8931 | D:9      | Bought a smoking shortbow for 248 gold pieces
  8944 | D:9      | Identified the +10 shortbow "Fiwovube" {velocity, rF++ rC+ Dex+4 Stlth+} (You bought it in a shop on level 9 of the Dungeon)
  9000 | D:9      | Reached *** piety under Okawaru
  9418 | D:9      | Noticed a two-headed ogre
  9426 | D:9      | Killed a two-headed ogre
  9433 | D:9      | Found Sotzasi's Armour Shoppe.
  9533 | D:9      | Reached **** piety under Okawaru
  9533 | D:9      | Reached skill level 5 in Bows
  9533 | D:9      | Reached skill level 5 in Invocations
  9662 | D:10     | Entered Level 10 of the Dungeon
  9700 | D:10     | Noticed a gargoyle
  9705 | D:10     | Killed a gargoyle
  9848 | D:10     | Noticed Fannar
  9873 | D:10     | Killed Fannar
 10333 | D:10     | Reached XP level 11. HP: 82/82 MP: 15/15
 10420 | D:11     | Reached ***** piety under Okawaru
 10636 | D:11     | Found a staircase to the Orcish Mines.
 10870 | D:11     | Reached skill level 5 in Dodging
 11157 | D:11     | Noticed a white ugly thing
 11164 | D:11     | Killed a white ugly thing
 11170 | D:11     | Noticed an unseen horror
 11174 | D:11     | Killed an unseen horror
 11174 | D:11     | Received a gift from Okawaru
 11583 | D:11     | Found a staircase to the Lair.
 11677 | Lair:1   | Entered Level 1 of the Lair of Beasts
 12079 | Lair:1   | Noticed a four-headed hydra
 12083 | Lair:1   | Killed a four-headed hydra
 12083 | Lair:1   | Received a gift from Okawaru
 12087 | Lair:1   | Got a crude trident {god gift}
 12088 | Lair:1   | Identified the +2 trident of Generosity {venom, Int+5} (Okawaru gifted it to you on level 1 of the Lair of Beasts)
 12347 | Lair:1   | Noticed Tutankhamun's ghost (journeyman DsBe)
 12360 | Lair:1   | Killed Tutankhamun's ghost
 12656 | Lair:2   | Gained mutation: You sometimes gain power by taking damage. [demonic ancestry]
 12656 | Lair:2   | Reached XP level 12. HP: 44/91 MP: 17/17
 13002 | Lair:2   | Received a gift from Okawaru
 13014 | Lair:2   | Got a steaming hat {god gift}
 13309 | Lair:2   | Identified the +2 hat of the Crypt {*Contam rN+ MR- Dex+5} (Okawaru gifted it to you on level 2 of the Lair of Beasts)
 13409 | Lair:2   | Found a staircase to the Swamp.
 13997 | Lair:2   | Found a hole to the Spider Nest.
 14043 | Lair:2   | Noticed an eight-headed hydra
 14051 | Lair:2   | Killed an eight-headed hydra
 14536 | Lair:3   | Noticed a five-headed hydra
 14541 | Lair:3   | Killed a five-headed hydra
 14652 | Lair:3   | Found a labyrinth entrance.
 14655 | Lair:3   | Noticed a six-headed hydra
 14662 | Lair:3   | Killed a six-headed hydra
 14696 | Lab      | Entered a labyrinth
 15014 | Lab      | Noticed a minotaur
 15019 | Lab      | Killed a minotaur
 15028 | Lab      | Got a pair of polished boots
 15040 | Lab      | Identified the cursed -3 pair of boots of Exclusion {rF+ SInv} (You found it in a labyrinth)
 15952 | Lair:4   | Received a gift from Okawaru
 16128 | Lair:4   | Received a gift from Okawaru
 16128 | Lair:4   | Gained mutation: You are partially covered in slimy green scales. (AC +2) [demonic ancestry]
 16128 | Lair:4   | Reached XP level 13. HP: 89/99 MP: 19/19
 17042 | Lair:5   | Noticed Tutankhamun's ghost (journeyman DsGl)
 17057 | Lair:5   | Received a gift from Okawaru
 17085 | Lair:5   | Killed Tutankhamun's ghost
 17085 | Lair:5   | Reached skill level 10 in Bows
 17087 | Lair:5   | Got a steaming broad axe {god gift}
 17088 | Lair:5   | Identified the +4 broad axe of Fortitude {venom, rPois rN+ Stlth+} (Okawaru gifted it to you on level 5 of the Lair of Beasts)
 18548 | Lair:6   | Entered Level 6 of the Lair of Beasts
 18775 | Lair:6   | Gained mutation: You have hoof-like feet. [demonic ancestry]
 18775 | Lair:6   | Reached XP level 14. HP: 109/109 MP: 20/20
 18781 | Lair:6   | Found a staircase to the Slime Pits.
 18900 | Lair:6   | Reached ****** piety under Okawaru
 19004 | Lair:6   | Received a gift from Okawaru
 19227 | Lair:6   | Received a gift from Okawaru
 19228 | Lair:6   | Got a twisted shield {god gift}
 19267 | Lair:6   | Reached skill level 10 in Fighting
 19383 | Lair:6   | Found a large runed door.
 19384 | Lair:6   | Found a large runed door.
 19907 | Lair:6   | Gained mutation: Your body sometimes deteriorates upon taking damage. [mutagenic glow]
 20030 | Lair:6   | Lost mutation: Your body sometimes deteriorates upon taking damage. [potion of mutation]
 20030 | Lair:6   | Gained mutation: You are weak. (Str -2) [potion of mutation]
 20030 | Lair:6   | Gained mutation: Your flesh is heat resistant. (rF+) [potion of mutation]
 20030 | Lair:6   | Gained mutation: You have supernaturally acute eyesight. (SInv) [potion of mutation]
 20384 | D:11     | Identified the +4 shield of Duem Guec {*Contam MR++ Stlth+} (Okawaru gifted it to you on level 6 of the Lair of Beasts)
 20397 | D:11     | Gained mutation: You occasionally shout uncontrollably at your foes. [mutagenic glow]
 20665 | Orc:1    | Entered Level 1 of the Orcish Mines
 20951 | Orc:2    | Entered Level 2 of the Orcish Mines
 21473 | Orc:2    | Received a gift from Okawaru
 21599 | Orc:2    | Reached skill level 10 in Armour
 21663 | Orc:2    | Found Todgh's Gadget Shoppe.
 21663 | Orc:2    | Found Rabar's Assorted Antiques.
 21663 | Orc:2    | Found Pyeclew's Armour Boutique.
 21663 | Orc:2    | Found Sizixig's Weapon Shoppe.
 21754 | Orc:2    | Found a staircase to the Elven Halls.
 21958 | Orc:1    | Noticed an orc warlord
 21997 | Orc:1    | Killed an orc warlord
 21997 | Orc:1    | Gained mutation: When hurt, damage is shared between your health and your magic reserves. [demonic ancestry]
 21997 | Orc:1    | Reached XP level 15. HP: 78/117 MP: 15/21
 22056 | Orc:1    | Found Vinuriep's Weapon Emporium.
 22109 | Orc:1    | Bought the +8 lance "Wyrmbane" {slay drac, rPois rF+ rC+ AC+3} for 1212 gold pieces
 22483 | D:12     | Noticed Urug
 22507 | D:12     | Killed Urug
 22553 | D:12     | Found Icuirak's Distillery.
 22559 | D:12     | Bought a potion of magic for 112 gold pieces
 22651 | D:12     | Reached skill level 1 in Polearms
 22859 | D:12     | Noticed Kirke
 22901 | D:12     | Killed Kirke
 22901 | D:12     | Received a gift from Okawaru
 22904 | D:12     | Got a pair of pitted gloves {god gift}
 22915 | D:12     | Identified the +0 pair of gloves of Rotation {rF+ Str-4 Dex+4} (Okawaru gifted it to you on level 12 of the Dungeon)
 24320 | D:14     | Found a sparkling altar of Nemelex Xobeh.
 24391 | D:14     | Noticed a storm dragon
 24391 | D:14     | a wolf spider changed into a storm dragon
 24412 | D:14     | a storm dragon changed into an entropy weaver
 24526 | D:14     | Found a gate to the Vaults.
 25513 | D:15     | Entered Level 15 of the Dungeon
 25538 | D:14     | Reached skill level 5 in Polearms
 25561 | D:14     | Received a gift from Okawaru
 25628 | D:15     | Found a staircase to the Depths.
 25810 | D:15     | Reached skill level 5 in Shields
 25822 | D:15     | Received a gift from Okawaru
 26264 | D:15     | Received a gift from Okawaru
 26679 | Swamp:1  | Entered Level 1 of the Swamp
 27557 | Swamp:2  | Gained mutation: You regenerate magic rapidly. [demonic ancestry]
 27557 | Swamp:2  | Reached XP level 16. HP: 81/125 MP: 8/22
 27940 | Swamp:2  | Received a gift from Okawaru
 28822 | Swamp:3  | Noticed a thorn hunter
 28838 | Swamp:3  | Killed a thorn hunter
 29546 | Swamp:4  | Entered Level 4 of the Swamp
 29607 | Swamp:4  | Received a gift from Okawaru
 29850 | Swamp:4  | Found a frozen archway.
 29876 | IceCv    | Entered an ice cave
 29999 | IceCv    | Noticed Tinttamiau's ghost (journeyman MiFi)
 30023 | IceCv    | Killed Tinttamiau's ghost
 30060 | IceCv    | Got an ancient hat
 30072 | IceCv    | Identified the +1 hat of Egalitarianism {rN+} (You found it in an ice cave)
 30286 | IceCv    | Noticed an Ice Fiend
 30287 | IceCv    | Noticed an Ice Fiend
 30400 | Swamp:4  | Noticed a thorn hunter
 30523 | Swamp:3  | Killed a thorn hunter
 30672 | Swamp:4  | Received a gift from Okawaru
 30977 | Swamp:4  | Received a gift from Okawaru
 30977 | Swamp:4  | Reached skill level 10 in Polearms
 31081 | Swamp:4  | Got a decaying rune of Zot
 31342 | Swamp:4  | Received a gift from Okawaru
 31798 | Spider:1 | Entered Level 1 of the Spider Nest
 32115 | Spider:1 | HP: 5/127 [demonic crawler (6)]
 32115 | Spider:1 | Mangled by an entropy weaver

Skill      XL: |  1  2  3  4  5  6  7  8  9 10 11 12 13 14 15 16 |
---------------+-------------------------------------------------+-----
Axes           | 2 3 4 5 7 8 9 10 11 12 | 12.9
Bows           | 2 3 5 7 9 11 12 | 12.6
Dodging        | 2 3 4 5 6 8 9 |  9.2
Armour         | 3 5 6 7 8 9 10 11 | 11.5
Fighting       | 4 5 6 7 8 9 10 11 12 | 12.1
Invocations    | 3 5 7 8 |  8.0
Polearms       | 7 10 | 10.1
Shields        | 6 8 |  8.3

Action                   |  1- 3 |  4- 6 |  7- 9 | 10-12 | 13-15 | 16-18 || total
-------------------------+-------+-------+-------+-------+-------+-------++-------
Melee: War axe           |   145 |   170 |   529 |     8 |       |       ||   852
       Kick              |       |    40 |    41 |       |       |       ||    81
       Broad axe         |       |       |       |       |   240 |       ||   240
       Punch             |       |       |       |       |     1 |       ||     1
       Lance             |       |       |       |       |  1126 |  1096 ||  2222
 Fire: Shortbow          |       |       |       |   728 |   680 |       ||  1408
Invok: Heroism           |       |       |     3 |    17 |    19 |     7 ||    46
       Finesse           |       |       |       |     2 |    11 |     2 ||    15
  Use: Potion            |       |     1 |       |     8 |     5 |     3 ||    17
       Scroll            |       |       |    24 |     9 |     4 |     7 ||    44
 Stab: Confused          |       |       |       |       |       |     1 ||     1
  Eat: Chunk             |     1 |    14 |    15 |    17 |    33 |     4 ||    84
       Bread ration      |       |     2 |       |       |     1 |     3 ||     6
       Royal jelly       |       |       |     1 |     3 |     1 |       ||     5
Armor: Chain mail        |    79 |       |       |       |       |       ||    79
       Scale mail        |     5 |       |       |       |       |       ||     5
       Plate armour      |    12 |   120 |   279 |   214 |   219 |       ||   844
       Crystal plate arm |       |       |       |       |   922 |   712 ||  1634
Dodge: Dodged            |    40 |    21 |    87 |   228 |   477 |   227 ||  1080
Block: Shield            |    64 |    97 |   266 |     4 |   421 |   468 ||  1320
